 Dungeon Sprint DCSS version 0.23-a0-13-gb09bef45d9 (webtiles) character file.

3469 GordonOverkill the Severer (level 10, -1/102 HPs)
             Began as a Hill Orc Berserker on Aug 1, 2018.
             Was a High Priest of Trog.
             Killed from afar by a crystal guardian (33 damage)
             ... with a crystal bolt
             ... in the Dungeon (Sprint II: "The Violet Keep of Menkaure").
             The game lasted 00:04:13 (1299 turns).

GordonOverkill the Severer (Hill Orc Berserker)     Turns: 1299, Time: 00:04:13

Health: -1/102     AC:  4    Str: 27    XL:     10   Next: 6%
Magic:  10/10      EV: 16    Int:  7    God:    Trog [*****.]
Gold:   1050       SH:  0    Dex: 10    Spells: 9/9 levels left

rFire    . . .     SeeInvis .   m - +5 war axe (freeze)
rCold    . . .     Gourm    .   (no shield)
rNeg     . . .     Faith    .   b - +0 animal skin
rPois    .         Spirit   .   (no helmet)
rElec    .         Reflect  .   (no cloak)
rCorr    .         Harm     .   k - +1 pair of gloves {Str+3}
MR       .....     Rnd*Rage +   (no boots) Stlth +.........NoTele +
                                (no amulet)
HPRegen  0.27/turn              (no ring)
MPRegen  0.12/turn              (no ring)

@: confused, berserk cooldown, slowed, very slow
A: berserk 1
a: Berserk, Trog's Hand, Brothers in Arms, Renounce Religion


You were in the Dungeon.
You worshipped Trog.
Trog was extremely pleased with you.
You were near starving.

You visited 1 branch You collected 1215 gold pieces.
You spent 165 gold pieces at shops.

Inventory:

Hand Weapons
 m - a +5 war axe of freezing (weapon)
Armour
 b - a +0 animal skin (worn)
 k - a +1 pair of gloves of strength (worn)
Scrolls
 i - a scroll of blinking
 l - a scroll of identify {unknown}
Potions
 e - a potion of heal wounds
 f - a potion of haste
 g - 2 potions of magic
 h - a potion of berserk rage
Comestibles
 c - a ration


   Skills:
 + Level 13.9 Fighting
 - Level 19.2 Axes
 - Level 2.1 Armour
 - Level 10.0 Dodging


You had 9 spell levels left.
You didn't know any spells.
Your spell library was empty.

Dungeon Overview and Level Annotations

Branches:
Dungeon (1/1)

Altars:
Cheibriados
Dithmenos
Elyvilon
Fedhas
Gozag
Hepliaklqana
Kikubaaqudgha
Makhleb
Ru
Sif Muna
Trog
Beogh
Jiyva
Lugonu

Shops:
D (::%=*(}=![=!?[?

Annotations:
D exclusions: obsidian statue and oklob plant, Roxanne


Innate Abilities, Weirdness & Mutations

You tend to lose your temper in combat.


Message History

You bump into the stone wall.
You are engulfed in noxious fumes.
You are no longer berserk.
You are exhausted.
You feel yourself slow down.
The crystal guardian fires a crystalline bolt at you.
The crystal bolt burns you!
You are too confused!
You are too confused!
You are too confused!
You are too confused!
You are too confused!
You're too confused to move!
You are engulfed in noxious fumes.
You choke on the stench!
You are more confused.
The crystal guardian hits you but does no damage.
The crystal guardian fires a crystalline bolt at you.
The crystal bolt burns you!
The crystal guardian fires a crystalline bolt at you.
The crystal bolt burns you!
You die...

.§8§§. ##++## §≈§§§
##≈...### §≈§≈ #e≈.....#
++#+++#####(...# ##
.......#..'..((# k#
##+##..#.÷####.# k#
#.#.##.####..'.##8#
..#..#....#..#...#
#...####..#####.@#
##'###.##..#..'..#
##.##..##..#..#).# #
'.<.'.##'..####..##.#
##.##.#.#....###...##▓▓▓
##'###.##.§....≈≈≈≈≈≈≈≈≈
#..#####≈≈.....≈#+######
..##.#≈≈≈≈§§≈..≈#....._.
#.#.##≈≈≈≈≈≈§≈.≈#...._._


You could see a death drake, a crystal guardian and a swamp drake.

Vanquished Creatures
  3 manticores (D)
  A merfolk siren (D)
  3 hippogriffs (D)
  3 yaks (D)
  4 neqoxecs (D)
  A swamp drake (D)
  4 necrophages (D)
  A crocodile (D)
  A scorpion (D)
  3 worms (D)
24 creatures vanquished.

Vanquished Creatures (others)
  Menkaure (D)
  A crocodile (D)
2 creatures vanquished.

Grand Total: 26 creatures vanquished

Notes
Turn   | Place    | Note
-------+----------+-------------------------------------------
     0 | D        | GordonOverkill the Hill Orc Berserker began the quest for the Orb.
     0 | D        | Reached XP level 1. HP: 19/19 MP: 1/1
     1 | D        | Noticed a necrophage
     1 | D        | Noticed a necrophage
     1 | D        | Noticed a necrophage
     1 | D        | Noticed a necrophage
    11 | D        | Killed a necrophage
    11 | D        | Reached skill level 11 in Axes
    11 | D        | Reached XP level 2. HP: 26/26 MP: 2/2
    11 | D        | Reached XP level 3. HP: 31/31 MP: 3/3
    11 | D        | Reached XP level 4. HP: 39/39 MP: 4/4
    15 | D        | Killed a necrophage
    15 | D        | Reached skill level 14 in Axes
    15 | D        | Reached XP level 5. HP: 44/44 MP: 5/5
    18 | D        | Killed a necrophage
    18 | D        | Reached ** piety under Trog
    18 | D        | Reached skill level 15 in Axes
    18 | D        | Reached XP level 6. HP: 49/49 MP: 6/6
    24 | D        | Killed a necrophage
    24 | D        | Reached skill level 16 in Axes
   128 | D        | Killed Menkaure
   153 | D        | Noticed Roxanne
   160 | D        | Noticed a merfolk siren
   177 | D        | Killed a merfolk siren
   177 | D        | Reached *** piety under Trog
   177 | D        | Reached skill level 19 in Axes
   177 | D        | Reached XP level 7. HP: 54/54 MP: 7/7
   181 | D        | Found Pusoxtoe's Distillery.
   181 | D        | Found Hasaguur's Jewellery Emporium.
   181 | D        | Found Ypyett's Magic Scroll Emporium.
   181 | D        | Found Syabb's Jewellery Shoppe.
   181 | D        | Found Xacsu's Antique Armour Shoppe.
   182 | D        | Found Guixt's Gadget Shoppe.
   182 | D        | Found Ecedudd's Magic Scroll Emporium.
   182 | D        | Found Icyoff's Distillery.
   182 | D        | Found Akuheg's Antique Armour Shoppe.
   183 | D        | Found Tevuf's Antique Weapon Shoppe.
   183 | D        | Found Itteimih's Assorted Antiques.
   184 | D        | Noticed a hell hog
   184 | D        | Noticed a hell hog
   185 | D        | Found Elomyvi's Jewellery Emporium.
   185 | D        | Found Zotoor's Food Shoppe.
   185 | D        | Noticed an oklob plant
   185 | D        | Noticed a soldier ant
   186 | D        | Found Tieguadupt's Book Shoppe.
   186 | D        | Found Zotown's Book Shoppe.
   186 | D        | Found Kathrayri's Weapon Emporium.
   186 | D        | Noticed a soldier ant
   187 | D        | Noticed a soldier ant
   199 | D        | Reached skill level 5 in Fighting
   376 | D        | Bought a pair of embroidered gloves for 165 gold pieces
   457 | D        | Noticed an obsidian statue
   465 | D        | Reached **** piety under Trog
   519 | D        | Noticed a neqoxec
   519 | D        | Noticed a neqoxec
   519 | D        | Noticed a neqoxec
   519 | D        | Noticed a neqoxec
   528 | D        | Killed a neqoxec
   528 | D        | Reached XP level 8. HP: 72/72 MP: 8/8
   530 | D        | Gained mutation: You tend to lose your temper in combat. [a neqoxec]
   539 | D        | Reached skill level 10 in Fighting
   543 | D        | Reached ***** piety under Trog
   610 | D        | Found a blossoming altar of Fedhas.
   611 | D        | Found a white marble altar of Elyvilon.
   612 | D        | Found a shadowy altar of Dithmenos.
   612 | D        | Found a corrupted altar of Lugonu.
   612 | D        | Found an opulent altar of Gozag.
   612 | D        | Found a burning altar of Makhleb.
   613 | D        | Found a snail-covered altar of Cheibriados.
   613 | D        | Found an ancient bone altar of Kikubaaqudgha.
   613 | D        | Found a bloodstained altar of Trog.
   614 | D        | Found a roughly hewn altar of Beogh.
   614 | D        | Found a viscous altar of Jiyva.
   614 | D        | Found a deep blue altar of Sif Muna.
   615 | D        | Found a hazy altar of Hepliaklqana.
   615 | D        | Found a sacrificial altar of Ru.
   619 | D        | Noticed a yak
   619 | D        | Noticed a yak
   624 | D        | Noticed a yak
   627 | D        | Killed a yak
   633 | D        | Killed a yak
   635 | D        | Killed a yak
   635 | D        | Received a gift from Trog
   635 | D        | Reached XP level 9. HP: 89/89 MP: 9/9
   660 | D        | Reached skill level 5 in Dodging
   770 | D        | Noticed a deep elf master archer
   873 | D        | Noticed a manticore
   873 | D        | Noticed a manticore
   873 | D        | Noticed a manticore
   877 | D        | Killed a manticore
   881 | D        | Killed a manticore
   881 | D        | Reached skill level 10 in Dodging
   883 | D        | Killed a manticore
   883 | D        | Reached XP level 10. HP: 81/99 MP: 10/10
  1289 | D        | Noticed a crystal guardian
  1290 | D        | Noticed a death drake
  1299 | D        | Killed from afar by a crystal guardian

Vault maps used:
D:        the_violet_keep_of_menkaure

Skill      XL: |  1  2  3  4  5  6  7  8  9 |
---------------+----------------------------+-----
Axes           | 11 14 15 19 | 19.2
Fighting       | 8 12 13 | 13.9
Dodging        | 4 10 | 10.0
Armour         | |  2.1

Action                   |  1- 3 |  4- 6 |  7- 9 | 10-12 || total
-------------------------+-------+-------+-------+-------++-------
Melee: Hand axe          |     9 |    27 |    57 |       ||    93
       War axe           |       |       |    15 |     3 ||    18
Invok: Berserk           |     1 |       |     6 |     1 ||     8
  Use: Potion            |       |       |       |     1 ||     1
  Eat: Chunk             |       |       |     5 |     2 ||     7
Armor: Animal skin       |       |     1 |     8 |     1 ||    10
Dodge: Dodged            |     5 |     4 |    38 |     2 ||    49

Table legend:
 A = Spawn XP
 B = Non-spawn XP
 C = Spawn XP percentage of total XP
 D = Spawn monster count
 E = Non-spawn monster count
 F = Spawn count percentage of total count
 G = Total turns spent on level
                    A         B        C        D         E        F      G
               +---------+---------+-------+---------+---------+-------+---------
         Total |       0 |    4957 |   0.0 |       0 |      24 |   0.0 |  1299
               +---------+---------+-------+---------+---------+-------+---------
             D |       0 |    4957 |   0.0 |       0 |      24 |   0.0 |  1299
               +---------+---------+-------+---------+---------+-------+---------
